[Event "Prague int. op"]
[Site "Prague CZE"]
[Date "2024.03.07"]
[Round "9.14"]
[White "Quintiliano Pinto, Renato Rodrigues"]
[Black "Ivanov, Mike"]
[Result "1/2-1/2"]
[ECO "E04"]
[WhiteElo "2493"]
[BlackElo "2356"]
[WhiteFideId "-1"]
[WhiteFideId "-1"]
[PlyCount "171"]
[GameId "2129404699873908"]
[EventDate "2024.02.28"]
[EventType "swiss"]
[EventRounds "9"]
[EventCountry "CZE"]
[SourceTitle "10 Days #752"]
[Source "ChessMix"]
[SourceDate "2024.03.10"]
[SourceVersion "1"]
[SourceVersionDate "2024.03.10"]
[SourceQuality "1"]
[TimeControl "40/5400+30:1800+30"]

1. d4 Nf6 2. c4 Nc6 3. Nf3 e6 4. g3 d5 5. Bg2 dxc4 6. O-O Rb8 7. Nc3 b5 8. Ne5 Nxe5 9. dxe5 Nd7 10. Qc2 Bb7 11. Bxb7 Rxb7 12. Rd1 Qc8 13. a4 b4 14. Ne4 Be7 15. Bf4 O-O 16. Qxc4 c5 17. a5 Qc6 18. Nd6 Rbb8 19. b3 Rfd8 20. Ne4 Nf8 21. Bg5 Bxg5 22. Nxg5 Rd5 23. Rac1 h6 24. Ne4 Rxe5 25. Nxc5 Rc8 26. Nd3 Qxc4 27. Rxc4 Rxc4 28. Nxe5 Rc5 29. Nc4 Rc8 30. Rd4 f6 31. f4 Rb8 32. Rd6 Rc8 33. Kf2 Rc7 34. Rd8 Kf7 35. Rb8 Nd7 36. Rxb4 Nc5 37. Rb8 Ke7 38. Nd2 Nd7 39. Rb4 f5 40. Nc4 Nf6 41. Kf3 g5 42. Rb8 Nd5 43. Rh8 g4+ 44. Kg2 Nf6 45. Rxh6 Rb7 46. Rg6 Ne8 47. Rh6 Nf6 48. Rh8 Rxb3 49. Ra8 Rb7 50. Ne5 Kd6 51. Rd8+ Kc5 52. Rc8+ Kb5 53. Rc6 Re7 54. Rc1 Re8 55. Rc7 a6 56. Rb7+ Kxa5 57. Nc6+ Ka4 58. Rb4+ Ka3 59. Rb6 Ra8 60. Na5 Nd5 61. Rxe6 Kb4 62. Re5 Kxa5 63. Rxd5+ Kb4 64. Rxf5 a5 65. Rf7 a4 66. Rb7+ Kc3 67. Rb1 a3 68. h3 Re8 69. hxg4 Rxe2+ 70. Kf3 Rb2 71. Ra1 Rb3 72. Ke4 Kb2 73. Rxa3 Kxa3 74. f5 Rxg3 75. Kf4 Rg1 76. f6 Kb4 77. Ke5 Re1+ 78. Kf5 Rf1+ 79. Ke6 Re1+ 80. Kd6 Rd1+ 81. Ke7 Re1+ 82. Kf8 Rg1 83. f7 Rxg4 84. Ke7 Rf4 85. f8=Q Rxf8 86. Kxf8 1/2-1/2